 Dungeon Crawl Stone Soup version 0.21.1-1-g345015fe64 (webtiles) character file.

37 NullDivider the Charlatan (level 3, -2/18 HPs)
             Began as a Spriggan Artificer on Mar 31, 2018.
             Slain by an orc
             ... wielding a +3 trident
              (10 damage)
             ... on level 3 of the Dungeon.
             The game lasted 00:08:34 (2505 turns).

NullDivider the Charlatan (Spriggan Artificer)      Turns: 2505, Time: 00:08:35

Health: -2/18      AC:  2    Str:  8    XL:     3   Next: 23%
Magic:  7/7        EV: 19    Int: 12    God:
Gold:   165        SH:  0    Dex: 17    Spells: 2/2 levels left

rFire    . . .     SeeInvis +   a - +0 short sword
rCold    . . .     Gourm    .   (shield restricted)
rNeg     . . .     Faith    .   b - +0 robe
rPois    .         Spirit   .   (helmet restricted)
rElec    .         Reflect  .   (no cloak)
rCorr    .         Harm     .   (gloves unavailable)
MR       .....                  (boots unavailable)
Stlth    ++........             (no amulet)
HPRegen  0.06/turn              (no ring)
MPRegen  0.10/turn              (no ring)

@: very quick
A: very small, unfitting armour, see invisible, herbivore, speed 3, slow
metabolism 2
a: no special abilities


You were on level 3 of the Dungeon.
You were not hungry.

You visited 1 branch of the dungeon, and saw 3 of its levels.

You collected 165 gold pieces.

Inventory:

Hand Weapons
 a - a +0 short sword (weapon)
Armour
 b - a +0 robe (worn)
Wands
 c - a wand of flame (15)
 d - a wand of enslavement (14)
 e - a wand of random effects (12)
Scrolls
 g - 2 scrolls of teleportation {unknown}
 h - 3 scrolls of remove curse {unknown}
 i - a scroll of magic mapping {unknown}
 j - 3 scrolls of identify {unknown}
 k - 3 scrolls of blinking {unknown}
 l - 4 scrolls of amnesia {unknown}
 p - a scroll of immolation {unknown}
Potions
 m - 2 potions of curing {unknown}
 n - 3 potions of brilliance {unknown}
 o - a potion of agility {unknown}
 q - a potion of might {unknown}
Comestibles
 f - 8 rations


   Skills:
 * Level 1.5 Fighting
 + Level 1.7 Short Blades
 + Level 3.5 Dodging
 + Level 2.4 Stealth
 + Level 4.3 Evocations


You had 2 spell levels left.
You didn't know any spells.

Dungeon Overview and Level Annotations

Branches:
Dungeon (3/15)

Altars:
Ru


Innate Abilities, Weirdness & Mutations

You are very small and have problems with some larger weapons.
You are too small for most types of armour.
You have supernaturally acute eyesight. (SInv)
You are a herbivore.
You cover ground extremely quickly.
You need consume almost no food.


Message History

Press: ? - help, Shift-Dir - straight line, f/p - orc
Aim: an orc, wielding an enchanted trident The orc twists and deforms.
The orc misses you.
Evoke which item? (* to show all) (? for menu, Esc to quit)
Aiming: Random Effects
Press: ? - help, Shift-Dir - straight line, f/p - orc
Aim: an orc, wielding an enchanted trident The bolt of negative energy hits the orc.
The orc is drained!
You kill the orc!
The bolt of negative energy misses the orc.
The orc closely misses you.
You see here a trident.
You hit the orc but do no damage.
The orc hits you with an enchanted trident.
You hit the orc.
The orc is severely wounded.
The orc hits you with an enchanted trident!
Ouch! That really hurt!
You die...

#.....# ####.....#
#........#
##################........#
#>..................).....#
#.#################'#######
#.# #.##
#.#################..######
#.........@o†..........[†..
#.##################..#####
#######.# #.......# #
<.......# ##.......# #
######### .........# #
....(....## # ..........###
............. .............


You could see an orc.

Vanquished Creatures
  A dart slug (D:1)
  2 orcs (D:3)
  9 bats
  A giant cockroach (D:3)
  3 goblins
  5 hobgoblins
  A ball python (D:2)
  2 frilled lizards (D:1)
  3 kobolds
  5 rats
32 creatures vanquished.

Notes
Turn   | Place    | Note
-------+----------+-------------------------------------------
     0 | D:1      | NullDivider the Spriggan Artificer began the quest for the Orb.
     0 | D:1      | Reached XP level 1. HP: 9/9 MP: 4/4
   170 | D:1      | Reached skill level 1 in Fighting
   382 | D:1      | Reached XP level 2. HP: 14/14 MP: 6/6
  2048 | D:2      | Found a sacrificial altar of Ru.
  2160 | D:3      | Reached XP level 3. HP: 18/18 MP: 7/7
  2505 | D:3      | Slain by an orc

Skill      XL: |  1 |
---------------+----+-----
Fighting       | 1 |  1.5
Stealth        | 2 |  2.4
Short Blades   | |  1.7
Dodging        | |  3.5
Evocations     | |  4.3

Action                   || total
-------------------------++-------
Melee: Short sword       ||   124
Evoke: Wand              ||     4
 Stab: Sleeping          ||     7
Armor: Robe              ||    16
Dodge: Dodged            ||   114
